 Dungeon Crawl Stone Soup version 0.21-a0-95-g06f091e (webtiles) character file.

95 grindst0ne the Changer (level 4, -1/32 HPs)
             Began as a Merfolk Transmuter on July 4, 2017.
             Slain by Sigmund
             ... wielding a +0 scythe
              (12 damage)
             ... on level 3 of the Dungeon.
             The game lasted 00:05:28 (2433 turns).

grindst0ne the Changer (Merfolk Transmuter)         Turns: 2433, Time: 00:05:29

Health: -1/32      AC:  8    Str: 11    XL:     4   Next: 65%
Magic:  7/7        EV:  9    Int: 12    God:
Gold:   106        SH:  0    Dex: 14    Spells: 4/7 levels left

rFire    + + .     SeeInvis .     - Unarmed
rCold    x . .     Gourm    .   (no shield)
rNeg     . . .     Faith    .   j - +0 fire dragon scales
rPois    .         Spirit   .   (no helmet)
rElec    .         Reflect  .   (no cloak)
rCorr    .         Harm     .   (no gloves)
MR       .....                  (no boots)
Stlth    ..........             (no amulet)
HPRegen  0.10/turn              (no ring)
MPRegen  0.10/turn              (no ring)

@: lethally poisoned (-1 -> -10), appendage
A: change form in water, swift swim, stealthy swim, horns 2
a: End Transformation


You were on level 3 of the Dungeon.
You were very hungry.
You had grown temporary horns.
You visited 1 branch of the dungeon, and saw 3 of its levels.

You collected 106 gold pieces.

Inventory:

Missiles
 a - 16 arrows
Armour
 b - a +0 robe
 j - +0 fire dragon scales (worn)
Jewellery
 m - a cursed ring of teleportation {unknown}
Wands
 r - a wand of polymorph (8/24)
Scrolls
 e - 3 scrolls of amnesia {unknown}
 f - a scroll of enchant armour {unknown}
 g - 3 scrolls of identify {unknown}
 o - 2 scrolls of teleportation {unknown}
 p - a scroll of magic mapping {unknown}
Potions
 h - a potion of magic
 k - a potion of curing {unknown}
 l - a potion of haste {unknown}
 s - a potion of lignification {unknown}
 t - a potion of cancellation {unknown}
Books
 c - a book of Changes

   Spells                             Type                      Level
   a - Beastly Appendage              Transmutation                1
   b - Sticks to Snakes               Transmutation                2
   c - Spider Form                    Transmutation/Poison         3
   d - Ice Form                       Ice/Transmutation            4
   e - Blade Hands                    Transmutation                5
Comestibles
 d - 2 bread rations
 i - 2 meat rations
 n - 2 royal jellies


   Skills:
 - Level 1.1 Fighting
 - Level 2.6 Dodging
 - Level 4.0 Unarmed Combat
 - Level 2.0 Spellcasting
 + Level 5.5 Transmutations


You had 4 spell levels left.
You knew the following spells:

 Your Spells              Type           Power        Failure   Level  Hunger
a - Beastly Appendage     Tmut           ##....       26%         1    ##.....
b - Sticks to Snakes      Tmut           ##......     36%         2    ###....


Dungeon Overview and Level Annotations

Branches:
Dungeon (3/15)

Altars:

Annotations:
D:3 Sigmund


Innate Abilities, Weirdness & Mutations

You revert to your normal form in water.
You are very nimble and swift while swimming.
You are very stealthy in the water. (Stealth+)
You have a pair of horns on your head.


Message History

Sigmund hits you from afar with a scythe!
Your ball python bites Sigmund.
Your ball python constricts Sigmund.
Your ball python bites Sigmund.
Your ball python constricts Sigmund.
Sigmund closely misses you.
Casting: Sticks to Snakes
Confirm with . or Enter, or press ? or * to list all spells.
You grow a pair of large bovine horns.
Your ball python barely misses Sigmund.
Your ball python constricts Sigmund.
Your ball python bites Sigmund.
Your ball python constricts Sigmund.
You hit Sigmund but do no damage. You headbutt Sigmund.
Sigmund is heavily wounded.
Sigmund closely misses you. The adder bites you.
You are poisoned.
The adder poisons you!
Your ball python bites Sigmund.
Your ball python constricts Sigmund.
It was a potion of magic.
Magic courses through your body.
You feel sick. The adder bites you.
You are more poisoned.
The adder poisons you! Sigmund hits you with a scythe!
You die...

#.......#...............# #......
#..........)..)<# #.....
+...............### #....
#............[...... ...
#..............#####
..###.######..............#
..........................#
.####.####...[.SS.........#####
#.# #.....@@.............. #.#
#................#### #.#
#....##########'## #.#
#....###### #.####### #.#
#....##...# #.#.....#
#.####....##...# #.#.###.##
#....#.#####...#####.#.# #.#.
####.#.#.......'>....#.###.##
##.#####.#.#...#...#######.......


You could see Sigmund, an adder and a friendly ball python.

Vanquished Creatures
  Ijyb (D:2)
  3 oozes (D:1)
  2 worms
  A leopard gecko (D:2)
  An orc (D:3)
  A giant cockroach (D:2)
  7 goblins (D:2)
  6 hobgoblins
  3 jackals (D:2)
  3 bats
  A frilled lizard (D:1)
  7 kobolds
  3 rats
39 creatures vanquished.

Vanquished Creatures (collateral kills)
  2 dart slugs (D:1)
  2 giant cockroaches (D:3)
  2 kobolds (D:2)
  2 frilled lizards (D:2)
  A rat (D:2)
9 creatures vanquished.

Grand Total: 48 creatures vanquished

Notes
Turn   | Place    | Note
-------+----------+-------------------------------------------
     0 | D:1      | grindst0ne the Merfolk Transmuter began the quest for the Orb.
     0 | D:1      | Reached XP level 1. HP: 15/15 MP: 3/3
   163 | D:1      | Reached skill level 3 in Transmutations
   163 | D:1      | Reached XP level 2. HP: 14/21 MP: 5/5
   364 | D:1      | Learned a level 2 spell: Sticks to Snakes
   732 | D:1      | Reached XP level 3. HP: 22/26 MP: 1/6
  1106 | D:2      | Reached skill level 4 in Transmutations
  1762 | D:2      | Noticed Ijyb
  1801 | D:2      | Killed Ijyb
  1801 | D:2      | Reached skill level 5 in Transmutations
  1801 | D:2      | Reached XP level 4. HP: 27/32 MP: 4/7
  2383 | D:3      | Noticed Sigmund
  2433 | D:3      | Slain by Sigmund

Vault maps used:
D:1:      minmay_arrival_four_circles
D:2:      kennysheep_the_goblin_king
D:3:      minmay_overflow_temple_hex, minmay_surrounded, uniq_sigmund, uniq_ijyb

Skill      XL: |  1  2  3 |
---------------+----------+-----
Transmutations | 3 5 |  5.5
Unarmed Combat | 4 |  4.0
Fighting       | |  1.1
Dodging        | |  2.6
Spellcasting   | |  2.0

Action                   |  1- 3 |  4- 6 || total
-------------------------+-------+-------++-------
Melee: Unarmed           |   119 |    43 ||   162
       Headbutt          |     4 |     2 ||     6
       Punch             |     1 |       ||     1
 Cast: Beastly Appendage |     6 |     2 ||     8
       Sticks to Snakes  |     8 |     4 ||    12
  Use: Potion            |       |     1 ||     1
  Eat: Chunk             |     4 |     1 ||     5
Armor: Robe              |     8 |       ||     8
       Fire dragon scale |    58 |     9 ||    67
Dodge: Dodged            |    73 |    20 ||    93
